AoeStats
← Juanparcero

Nomad

505142452Analyzed
2v2 RM · 23d ago on Sep 8, 2026· 46m 59s· 4 players
Game mode
Random Map
Map size
176×176
Population
200
Speed
Normal
Resources
Standard
Victory
Conquest
Starting age
Dark Age
Ending age
Imperial Age
RankedLock teamsTeams togetherTeam positionsShared explorationLock speedFull tech treeHidden civsTurbo modeCheats
Victory
Defeat
🇨🇱 Shu · Chile
1247
+9
🇨🇱 Portuguese · Chile
1002
+18
🇨🇴 Japanese · Colombia
1083
-14
🇦🇺 Bengalis · Australia
1048
-13
Juanparcero
3:22 Loom
12:48 Feudal Age
13:17 Man-at-Arms
13:42 Arson
14:18 Double-Bit Axe
15:22 Fishing Lines
19:30 Horse Collar
20:35 Wheelbarrow
25:41 Castle Age
25:00 Fletching
25:10 Padded Archer Armor
25:12 Scale Mail Armor
25:53 Forging
28:27 Pikeman
29:57 Elite Skirmisher
32:31 Squires
33:40 Town Watch
38:18 Heavy Plow
38:47 Bow Saw
40:12 Hand Cart
43:51 Imperial Age
41:51 Bodkin Arrow
42:13 Chain Mail Armor
42:34 Iron Casting
44:13 Town Patrol
44:39 Ballistics
44:31 Capped Ram
45:45 Gold Mining
45:45 Stone Mining
46:20 Conscription
The Dark Sentencer
8:25 Loom
16:51 Feudal Age
18:20 Double-Bit Axe
23:15 Fletching
24:50 Padded Archer Armor
29:49 Castle Age
30:28 Bodkin Arrow
30:18 Crossbowman
34:23 Bow Saw
35:30 Gold Mining
42:39 Forging
44:48 Horse Collar
austral
11:14 Loom
15:17 Feudal Age
17:41 Horse Collar
17:50 Double-Bit Axe
24:17 Castle Age
24:15 Bloodlines
26:19 Husbandry
26:30 Gold Mining
28:37 Bow Saw
34:24 Scale Barding Armor
34:30 Forging
40:07 Imperial Age
39:52 Chain Barding Armor
40:08 Iron Casting
43:13 Elite Organ Gun
44:32 Cavalier
46:10 Arquebus
René
7:53 Loom
13:18 Feudal Age
14:04 Gold Mining
14:13 Double-Bit Axe
14:10 Horse Collar
16:41 Fletching
21:30 Padded Archer Armor
22:26 Wheelbarrow
27:19 Castle Age
26:12 Gold Mining
27:24 Crossbowman
28:14 Thumb Ring
28:06 Bodkin Arrow
27:58 Elite Skirmisher
31:35 Leather Archer Armor
39:57 Ballistics
40:49 Bow Saw
41:28 Heavy Plow
45:48 Imperial Age
43:41 Husbandry
45:07 Hand Cart
45:49 Coiled Serpent Array
46:14 Masonry
47:07 Conscription
46:21 Arbalester
47:08 Bracer
Connection lost

Rejoining the realm…

Still unreachable

The connection could not be restored.

Session expired

The server has moved on; the page needs a fresh start.